 Dungeon Crawl Stone Soup version 0.17.0-56-gd8de76c (console) character file.

36404 Kloppie the Fighter (level 13, -66/116 HPs)
             Began as a Black Draconian Air Elementalist on Dec 5, 2015.
             Was a High Priest of Vehumet.
             Annihilated by an enormous slime creature (68 damage)
             ... on level 12 of the Dungeon.
             The game lasted 01:23:30 (28923 turns).

Kloppie the Fighter (DrAE)                         Turns: 28923, Time: 01:23:30

Health: -66/116    AC: 18    Str: 11      XL:     13   Next: 52%
Magic:  10/32      EV: 17    Int: 18 (21) God:    Vehumet [*****.]
Gold:   1208       SH:  0    Dex: 13      Spells: 6 memorised, 8 levels left

rFire  + . .     SeeInvis +     a - +3 flail (protect)
rCold  . . .     Clarity  .     (armour unavailable)
rNeg   . . .     SustAt   .     (no shield)
rPois  .         Gourm    .     (helmet restricted)
rElec  +         Spirit   .     H - +1 cloak
rCorr  +         Warding  .     d - +1 pair of gloves
rMut   .         Stasis   .     o - +0 pair of boots
MR     .....                    u - amulet of resist corrosion
Stlth  ++........               s - ring of protection from fire
                                j - ring of Iskus {MP+9 Dex+2 SInv}

@: about to teleport, not resistant to hostile enchantments, unstealthy
A: breathe lightning, unfitting armour, electricity resistance, cold-blooded, AC
+8
a: Breathe Lightning, Renounce Religion


You were on level 12 of the Dungeon.
You worshipped Vehumet.
Vehumet was extremely pleased with you.
You were near starving.

You visited 3 branches of the dungeon, and saw 18 of its levels.
You also visited: Labyrinth.

You collected 1208 gold pieces.

Inventory:

Hand Weapons
 a - a +3 flail of protection (weapon)
Armour
 d - a +1 pair of gloves (worn)
 o - a +0 pair of boots (worn)
 H - a +1 cloak (worn)
Magical Staves
 b - an uncursed staff of air
Jewellery
 c - an uncursed ring of positive energy
 i - an uncursed ring of magical power
 j - the ring of Iskus (left hand) {MP+9 Dex+2 SInv}
   (You found it on level 2 of the Lair of Beasts)

   [ring of see invisible]

   It affects your dexterity (+2).
   It affects your magic capacity (+9).
   It lets you see invisible.
 s - a ring of protection from fire (right hand)
 u - an amulet of resist corrosion (around neck)
 x - an uncursed ring of protection from magic
 A - an uncursed amulet of resist mutation
 C - an uncursed ring of ice
Wands
 g - a wand of disintegration (12)
Scrolls
 e - 2 scrolls of recharging
 l - 7 scrolls of remove curse
 q - a scroll of fear
 w - 2 scrolls of summoning
 D - a scroll of teleportation
 F - a scroll of magic mapping
 J - 2 scrolls of fog
 M - a scroll of enchant armour
 O - a scroll of enchant weapon
Potions
 n - 2 potions of resistance
 r - 4 potions of ambrosia
 z - a potion of invisibility
 B - 3 potions of brilliance
 E - 2 potions of flight
 G - a potion of berserk rage
 L - a potion of might
 N - 4 potions of curing
 S - a potion of lignification
 T - a potion of haste
 W - 3 potions of poison {unknown}
Books
 f - a book of Beasts

   Spells                             Type                      Level
   a - Summon Butterflies             Summoning                    1
   b - Call Canine Familiar           Summoning                    3
   c - Summon Ice Beast               Ice/Summoning                4
   d - Summon Mana Viper              Hexes/Summoning              5
   e - Summon Hydra                   Summoning                    7
 P - an Akashic Record

   Spells                             Type                      Level
   a - Dispersal                      Translocation                6
   b - Malign Gateway                 Summoning/Translocation      7
   c - Disjunction                    Translocation                8
   d - Controlled Blink               Translocation                8
Miscellaneous
 k - a phial of floods (inert)
Comestibles
 h - a royal jelly
 p - 5 meat rations
 y - 14 bread rations


   Skills:
 + Level 11.2 Fighting
 - Level 3.9(4.1) Maces & Flails
 - Level 2.1(3.3) Staves
 + Level 10.2 Dodging
 - Level 1.7 Stealth
 - Level 6.9 Spellcasting
 - Level 9.4 Conjurations
 - Level 11.1 Air Magic
 - Level 10.0 Evocations


You had 8 spell levels left.
You knew the following spells:

 Your Spells              Type           Power        Failure   Level  Hunger
a - Shock                 Conj/Air       ####         1%          1    None
b - Swiftness             Chrm/Air       ####....     1%          2    None
c - Static Discharge      Conj/Air       #####...     1%          3    ##.....
d - Repel Missiles        Chrm/Air       ####..       1%          2    None
e - Lightning Bolt        Conj/Air       #####.....   1%          5    #####..
f - Airstrike             Air            #####.....   1%          4    ####...


Dungeon Overview and Level Annotations

Branches:
Dungeon (12/15)            Temple (1/1) D:6            Lair (5/8) D:11
    Orc (0/4) D:12
  Swamp: Lair:3-6    Shoals: Lair:3-6     Snake: Lair:3-6    Spider: Lair:3-6

Altars:
Ashenzari
Dithmenos
Fedhas
Gozag
Makhleb
Nemelex Xobeh
Ru
Sif Muna
Vehumet
Yredelemnul
Zin
The Shining One

Shops:
D:10 *

Annotations:
D:7 Erica, Gastronok
Lair:5 Maud


Innate Abilities, Weirdness & Mutations

You can breathe wild blasts of lightning.
Your glossy black scales are hard (AC +8).
Your body does not fit into most forms of armour.
You are resistant to electric shocks.
You are cold-blooded and may be slowed by cold attacks.


Message History

The lightning grounds out.
The large slime creature is struck by lightning.
The large slime creature is severely wounded.
The lightning arcs!
You are struck by lightning.
You resist. The large slime creature hits you!!
* * * LOW HITPOINT WARNING * * *
The large slime creature hits you!!!
* * * LOW HITPOINT WARNING * * *
Two slime creatures merge to form an enormous slime creature.
Drink which item? (? for menu, Esc to quit)
Okay, then.
Read which item? (? for menu, Esc to quit)
Okay, then.
Evoke which item? (* to show all) (? for menu, Esc to quit)
Okay, then.
Read which item? (? for menu, Esc to quit)
As you read the scroll of teleportation, it crumbles to dust.
You feel strangely unstable. The enormous slime creature hits you!!!
Ouch! That really hurt!
You die...

#.......<....#.##.##)#.§§.E)†?..#
#............#....#.(#.###.######
#########.##.#.....(.#####...
#.##.[h..>.....[.#####
#########.####..............#
..........##......#####.o.#.#
..........##.####w# ...#
.........###.#..#J#.###.#.#
<........# #.#..@...........
.........# #.#..#######.# #.#
.........###.#..........# ...
####.......#.#....####### #.
###.###.#.#.....###
#.##..............
#.##.############## #.##..#####
#.#.## #.###..#..# ###....# #####


You could see an enormous slime creature and a brain worm.

Vanquished Creatures
  Azrael (D:12)
  An ogre mage (D:10)
  A minotaur (Lab)
  2 hydras
  A catoblepas (Lair:4)
  A centaur warrior (D:10)
  A manticore (D:12)
  2 ugly things (D:11)
  A centaur zombie (D:8)
  2 black mambas
  The ghost of karlm the Conjurer, a novice DEWz of Vehumet (D:6)
  2 gargoyles
  6 spiny frogs
  A fire drake (D:11)
  A komodo dragon (Lair:2)
  5 polar bears (Lair:1)
  3 trolls
  16 blink frogs
  2 shadows
  35 yaks
  A wraith (D:10)
  2 hungry ghosts (D:12)
  A hill giant zombie (D:12)
  A wyvern (Lair:3)
  A human (D:8)
  18 wolves
  Edmund (D:6)
  A fire elemental (D:12)
  3 hippogriffs
  6 ice beasts
  4 hell hounds (D:12)
  7 porcupines
  4 orc warriors
  13 water moccasins
  7 phantoms
  2 sky beasts
  7 ogres
  3 black bears
  7 crocodiles
  2 necrophages
  3 centaurs
  20 giant frogs
  2 big kobolds
  A water moccasin skeleton (D:6)
  4 scorpions
  A troll zombie (D:12)
  12 killer bees
  5 jellies
  10 hounds
  A giant frog zombie (D:8)
  4 crimson imps
  Crazy Yiuf (D:5)
  4 giant frog skeletons
  13 iguanas
  9 orc priests
  Ijyb (D:3)
  5 centaur skeletons
  A gnoll shaman (D:7)
  16 orc wizards
  13 worker ants
  20 sheep
  4 ogre zombies (D:12)
  2 hound zombies
  2 hound skeletons
  2 worker ant zombies
  8 adders
  12 gnolls
  52 river rats
  2 shadow imps
  2 oozes (D:2)
  3 worms
  6 giant geckos
  50 orcs
  16 goblins
  8 hobgoblins
  10 jackals
  11 kobolds
  5 quokkas
  2 ball pythons
  14 bats
  8 giant cockroaches
  A giant gecko zombie (D:7)
  10 giant newts
  2 goblin skeletons (D:12)
  A goblin zombie (D:12)
  A hobgoblin zombie (D:12)
  4 orc skeletons (D:12)
  11 orc zombies (D:12)
  A quokka skeleton (D:8)
  A quokka zombie (D:6)
  36 rats
  2 plants
611 creatures vanquished.

Vanquished Creatures (collateral kills)
  A fire elemental (D:11)
1 creature vanquished.

Vanquished Creatures (others)
  A slime creature (D:12)
  A jelly (D:12)
  An orc wizard (D:10)
  An orc (D:8)
  2 fungi
  3 plants
9 creatures vanquished.

Grand Total: 621 creatures vanquished

Notes
Turn   | Place    | Note
--------------------------------------------------------------
     0 | D:1      | Kloppie the Draconian Air Elementalist began the quest for the Orb.
     0 | D:1      | Reached XP level 1. HP: 14/14 MP: 3/3
   242 | D:1      | Reached XP level 2. HP: 10/20 MP: 0/5
   760 | D:1      | Reached XP level 3. HP: 19/26 MP: 6/6
  1281 | D:1      | Learned a level 2 spell: Swiftness
  1285 | D:1      | Learned a level 3 spell: Static Discharge
  1377 | D:1      | Reached skill level 4 in Air Magic
  1523 | D:1      | Reached XP level 4. HP: 5/33 MP: 0/7
  2366 | D:2      | Reached XP level 5. HP: 28/38 MP: 2/8
  3121 | D:2      | Reached skill level 5 in Air Magic
  3557 | D:2      | Learned a level 2 spell: Repel Missiles
  3875 | D:3      | Found a shadowy altar of Dithmenos.
  4086 | D:3      | Noticed Ijyb
  4093 | D:3      | Killed Ijyb
  4361 | D:4      | Reached XP level 6. HP: 37/45 MP: 6/9
  5010 | D:4      | Reached skill level 5 in Conjurations
  5010 | D:4      | Reached skill level 6 in Air Magic
  5204 | D:5      | Entered Level 5 of the Dungeon
  5313 | D:5      | Found an opulent altar of Gozag.
  5317 | D:5      | Found a blossoming altar of Fedhas.
  5318 | D:5      | Found a sparkling altar of Nemelex Xobeh.
  5369 | D:5      | Reached skill level 7 in Air Magic
  5369 | D:5      | Your scales start taking on a glossy black colour.
  5369 | D:5      | Gained mutation: You are resistant to electric shocks. [Black Draconian growth]
  5369 | D:5      | Reached XP level 7. HP: 47/50 MP: 4/10
  5663 | D:5      | Reached skill level 8 in Air Magic
  5886 | D:5      | Found a shattered altar of Ashenzari.
  6051 | D:5      | Reached XP level 8. HP: 57/57 MP: 6/12
  6167 | D:5      | Noticed Crazy Yiuf
  6170 | D:5      | Killed Crazy Yiuf
  6687 | D:6      | Reached skill level 9 in Air Magic
  6743 | D:6      | Learned a level 5 spell: Lightning Bolt
  6756 | D:6      | Found a staircase to the Ecumenical Temple.
  6776 | D:6      | Noticed Edmund
  6806 | Temple   | Entered the Ecumenical Temple
  6832 | Temple   | Became a worshipper of Vehumet
  7166 | D:6      | Killed Edmund
  7166 | D:6      | Reached skill level 5 in Dodging
  7568 | D:6      | Reached XP level 9. HP: 39/62 MP: 5/14
  7609 | D:6      | Reached * piety under Vehumet
  7609 | D:6      | Offered knowledge of Sting by Vehumet.
  7716 | D:6      | Noticed karlm's ghost (novice DEWz)
  7731 | D:6      | Killed karlm's ghost
  9475 | D:8      | Reached ** piety under Vehumet
  9475 | D:8      | Offered knowledge of Searing Ray by Vehumet.
  9708 | D:8      | Found a sacrificial altar of Ru.
  9788 | D:8      | Noticed Gastronok
  9791 | D:8      | Noticed Erica
  9840 | D:7      | HP: 3/62 [poisoned by Erica (bolt of poison)]
 10765 | D:9      | Found a glowing golden altar of the Shining One.
 10904 | D:9      | Reached skill level 1 in Fighting
 10904 | D:9      | Reached XP level 10. HP: 68/71 MP: 10/15
 12120 | D:10     | Entered Level 10 of the Dungeon
 12361 | D:10     | Noticed an ogre mage
 12376 | D:10     | Killed an ogre mage
 12376 | D:10     | Reached skill level 5 in Fighting
 12376 | D:10     | Reached skill level 10 in Air Magic
 12450 | D:10     | Offered knowledge of Ignite Poison by Vehumet.
 12459 | D:10     | Reached *** piety under Vehumet
 12577 | D:10     | Noticed a centaur warrior
 12593 | D:10     | Killed a centaur warrior
 12895 | D:10     | Reached skill level 11 in Air Magic
 12907 | D:10     | Noticed a hill giant
 13003 | D:9      | HP: 3/84 [orc (2)]
 13013 | D:8      | HP: 3/84 [worker ant (3)]
 13035 | D:7      | Offered knowledge of Airstrike by Vehumet.
 13342 | D:7      | Reached XP level 11. HP: 21/92 MP: 16/16
 13446 | D:7      | Reached skill level 1 in Maces & Flails
 13727 | D:7      | HP: 2/92 [killer bee (7)]
 13732 | D:7      | HP: 2/92 [poisoned by a killer bee]
 13739 | D:7      | HP: 1/92 [poisoned by a killer bee]
 13747 | D:7      | HP: 1/92 [poisoned by a killer bee]
 14513 | D:8      | Noticed a centaur zombie
 14537 | D:8      | Killed a centaur zombie
 14760 | D:8      | Found a glowing silver altar of Zin.
 14797 | D:8      | Reached **** piety under Vehumet
 15056 | D:8      | Learned a level 4 spell: Airstrike
 15118 | D:9      | Offered knowledge of Fireball by Vehumet.
 15460 | D:10     | Found Aduocau's Assorted Antiques.
 16005 | D:11     | Found a labyrinth entrance.
 16018 | Lab      | Entered a labyrinth
 16438 | Lab      | Noticed a minotaur
 16447 | Lab      | Killed a minotaur
 16460 | Lab      | Got a slimy great mace
 16742 | D:11     | Reached skill level 5 in Spellcasting
 16891 | D:11     | Reached skill level 1 in Staves
 16891 | D:11     | Reached skill level 1 in Evocations
 16979 | D:11     | Got an ivory flail
 17116 | D:11     | Found a staircase to the Lair.
 17130 | Lair:1   | Entered Level 1 of the Lair of Beasts
 17433 | Lair:1   | Identified the +7 flail "Mimnyag" {venom, Str+4} (You found it on level 11 of the Dungeon)
 17779 | Lair:1   | Reached ***** piety under Vehumet
 17779 | Lair:1   | Offered knowledge of Olgreb's Toxic Radiance by Vehumet.
 18044 | Lair:1   | You fall through a shaft!
 18363 | Lair:2   | Reached XP level 12. HP: 35/100 MP: 19/19
 18367 | Lair:2   | Reached skill level 5 in Evocations
 18377 | Lair:2   | Reached skill level 10 in Dodging
 18698 | Lair:1   | HP: 5/100 [poisoned by a spiny frog]
 18704 | Lair:1   | HP: 4/100 [poisoned by a spiny frog]
 18710 | Lair:1   | HP: 3/100 [poisoned by a spiny frog]
 18717 | Lair:1   | HP: 3/100 [poisoned by a spiny frog]
 19100 | Lair:1   | Identified the +9 great mace "Zef Head" {antimagic, SInv} (You found it in a labyrinth)
 20777 | Lair:2   | Got a scintillating amber ring
 20787 | Lair:2   | Identified the ring of Iskus {MP+9 Dex+2 SInv} (You found it on level 2 of the Lair of Beasts)
 21689 | Lair:2   | Noticed a six-headed hydra
 21703 | Lair:2   | Killed a six-headed hydra
 22401 | Lair:3   | HP: 3/103 [blink frog (20)]
 22884 | Lair:3   | Noticed a four-headed hydra
 22914 | Lair:3   | Killed a four-headed hydra
 25037 | Lair:4   | Offered knowledge of Iskenderun's Mystic Blast by Vehumet.
 25037 | Lair:4   | Reached XP level 13. HP: 109/111 MP: 23/23
 26168 | Lair:4   | Reached skill level 10 in Fighting
 26653 | Lair:5   | Noticed Maud
 27201 | D:11     | Identified the Handbook of Attacks
 27898 | D:12     | Found a staircase to the Orcish Mines.
 28353 | D:12     | Noticed Azrael
 28361 | D:12     | Killed Azrael
 28361 | D:12     | Reached skill level 10 in Evocations
 28920 | D:12     | HP: 1/116 [large slime creature (42)]
 28923 | D:12     | Annihilated by an enormous slime creature

Action                   |  1- 3 |  4- 6 |  7- 9 | 10-12 | 13-15 || total
-------------------------+-------+-------+-------+-------+-------++-------
Melee: Unarmed           |    16 |       |       |       |       ||    16
       Dagger            |    23 |     1 |   251 |       |       ||   275
       Short sword       |    52 |   190 |    14 |       |       ||   256
       Scimitar          |       |       |    16 |    60 |       ||    76
       Flail             |       |       |       |   633 |   195 ||   828
       Staff             |       |       |       |    56 |       ||    56
 Cast: Shock             |    55 |    74 |   251 |   389 |   109 ||   878
       Repel Missiles    |       |       |     1 |     1 |       ||     2
       Static Discharge  |       |       |     1 |    87 |    61 ||   149
       Lightning Bolt    |       |       |     3 |    18 |     8 ||    29
       Airstrike         |       |       |       |     3 |       ||     3
       Swiftness         |       |       |       |     1 |       ||     1
 Abil: Breathe Lightning |       |       |     1 |       |       ||     1
Evoke: Phial of floods   |       |       |       |       |     1 ||     1
  Use: Scroll            |       |       |    21 |    15 |     4 ||    40
       Potion            |       |       |     2 |     4 |       ||     6
 Stab: Sleeping          |     2 |     3 |     2 |     4 |     4 ||    15
       Distracted        |     1 |       |       |     1 |     1 ||     3
  Eat: Chunk             |     2 |    13 |    15 |    38 |     8 ||    76
       Fruit             |       |     1 |       |       |       ||     1
       Pizza             |       |       |     2 |     7 |       ||     9
       Beef jerky        |       |       |     1 |     1 |     1 ||     3
       Meat ration       |       |       |       |     1 |       ||     1
       Bread ration      |       |       |       |       |     1 ||     1
